 Dungeon Crawl Stone Soup version 0.29-a0-352-g0917bc69df (webtiles) character file.

Game seed: 8420937339981490712

304 Murumi the Vandal (level 5, -3/45 HPs)
             Began as a Demigod Hunter on Apr 23, 2022.
             Slain by Duvessa
             ... wielding a +6 short sword of venom
              (8 damage)
             ... on level 4 of the Dungeon.
             The game lasted 00:12:10 (4883 turns).

Murumi the Vandal (Demigod Hunter)                  Turns: 4883, Time: 00:12:14

Health: -3/45      AC:  5    Str: 11 (12) XL:     5   Next: 92%
Magic:  7/7        EV: 13    Int:  9 (11) God:
Gold:   151        SH:  0    Dex: 19 (21) Spells: 4/4 levels left

rFire   . . .      SeeInvis .   a - +2 hunting sling
rCold   . . .      Faith    .   (no shield)
rNeg    . . .      Spirit   .   b - +0 leather armour
rPois   .          Reflect  .   (no helmet)
rElec   .          Harm     .   (no cloak)
rCorr   .          Rampage  .   (no gloves)
Will    .....                   g - +1 pair of boots
Stlth   ++........              (no amulet)
HPRegen 0.15/turn               (no ring)
MPRegen 0.10/turn               (no ring)

@: attractive
A: high MP 1, forlorn, divine attributes
a: no special abilities


You were on level 4 of the Dungeon.
You visited 1 branch of the dungeon, and saw 4 of its levels.

You collected 151 gold pieces.

Inventory:

Hand Weapons
 a - a +2 hunting sling (weapon)
Missiles
 f - 2 throwing nets
Armour
 b - a +0 leather armour (worn)
 g - a +1 pair of boots (worn)
Scrolls
 c - a scroll of immolation
 h - 2 scrolls of magic mapping
 l - 4 scrolls of teleportation
 n - a scroll of enchant weapon
Potions
 d - a potion of attraction
 i - 3 potions of flight
 j - 5 potions of might
 k - a potion of lignification
 m - 2 potions of brilliance
 p - a potion of invisibility {unknown}
 q - a potion of berserk rage {unknown}


   Skills:
 + Level 3.5 Fighting
 - Level 4.0 Slings
 - Level 3.0 Armour
 - Level 3.0 Dodging
 - Level 2.0 Stealth


You had 4 spell levels left.
You didn't know any spells.
Your spell library contained the following spells:

 Spells                   Type           Power      Damage    Failure   Level
 Scorch                   Fire           0%         2d5       61%         2
 Flame Wave               Conj/Fire      0%         2d4       99%         4
 Summon Cactus Giant      Summ           0%         N/A       100%        6


Dungeon Overview and Level Annotations

Branches:
Dungeon (4/15)             Temple (0/1) D:4

Shops:
D:3 :

Annotations:
D:4 Dowan, Duvessa


Innate Abilities, Weirdness & Mutations

You have an increased reservoir of magic. (+10% MP)
You shall have no god before yourself.
Your divine heritage dramatically boosts your attributes as you level up.


Message History

Duvessa hits you but does no damage.
You are more poisoned.
Duvessa hits you but does no damage.
You shoot a sling bullet. The sling bullet hits Duvessa!
Duvessa is almost dead.
You feel extremely sick.
Duvessa hits you with a +6 short sword of venom.
Unknown command.
You are too injured to fight recklessly!
Fire: a) +2 hunting sling
Press: ? - help, Q - select action, (/) - cycle Shift-Dir - straight line, f - Dowan, p - Duvessa
Aim: Dowan, wielding a +0 dagger and wearing a +0 robe (moderately wounded, 56% to hit)
You shoot a sling bullet.
The sling bullet hits Duvessa but does no damage.
Duvessa is almost dead.
You feel very sick. Duvessa hits you but does no damage.
You are more poisoned.
Duvessa hits you with a +6 short sword of venom!
* * * LOW HITPOINT WARNING * * *
It was a potion of attraction.
You feel attractive to monsters.
* * * LOW HITPOINT WARNING * * *
You feel very sick. Duvessa hits you but does no damage.
Dowan mumbles some strange words.
Dowan blinks!
Duvessa hits you with a +6 short sword of venom.
* * * LOW HITPOINT WARNING * * *
It was a potion of curing.
You feel better. Duvessa hits you but does no damage.
Dowan hits you but does no damage.
You cannot teleport because you are held in place by your roots.
It was a potion of degeneration.
There was something very wrong with that liquid.
You feel weakened.
You feel dopey.
You feel clumsy.
You feel less wooden.
Your +1 pair of boots unmelds from your body.
Your +0 leather armour unmelds from your body.
Duvessa hits you with a +6 short sword of venom!
You die...

##.#.#.....##........## #.#
#.#.#...#.#########..# #)#
##.#.#...#.........÷..#####.###
...#..........####........<...#
####...#.#..#.####.#...####.#.#
.........#..#.##.#.#.#.## #.#.#
.....#.####.#.##.#.#.#..# #.#.#
###..#.#....#..e.#.#.##.###.#.###
..#..#.#.##e####@#.#.##.#........
#.#.|#.#.#....$#e#.#.##.#.#.#.###
..#..#.#.#.e#..#§#.#.##...#.#.#
..#..#.#†#....e#.#.#.##..##.#.#
..#..#.#..?......#.#..)...#.#.#
.....#.#.#.#######.#.##...#.#.#
.##.##.#...##..<...#..#.#.#.#.#
....##.#.####.#.(.....#.#.....#
....†............####.#.##..###


You could see Duvessa (fast) and Dowan.

Vanquished Creatures
  A phantom (D:4)
  2 hounds (D:4)
  Terence (D:3)
  4 adders
  An ufetubus (D:4)
  3 worms
  2 dart slugs (D:1)
  6 orcs
  11 ball pythons
  3 bats (D:1)
  9 endoplasms
  2 giant cockroaches
  10 goblins
  A hobgoblin (D:2)
  2 jackals (D:4)
  5 quokkas
  6 frilled lizards
  11 kobolds
  10 rats
90 creatures vanquished.

Notes
Turn   | Place    | Note
-------+----------+-------------------------------------------
     0 | D:1      | Murumi the Demigod Hunter began the quest for the Orb.
     0 | D:1      | Reached XP level 1. HP: 17/17 MP: 3/3
   150 | D:1      | Reached XP level 2. HP: 24/24 MP: 4/4
   200 | D:1      | Reached skill level 4 in Slings
   351 | D:1      | Reached skill level 1 in Stealth
   930 | D:2      | Reached XP level 3. HP: 30/30 MP: 5/5
  1243 | D:2      | Reached skill level 1 in Armour
  2199 | D:3      | Reached XP level 4. HP: 38/38 MP: 6/6
  2359 | D:3      | Found Netess's Book Shoppe.
  2470 | D:3      | Noticed Terence
  2718 | D:3      | Killed Terence
  3515 | D:4      | Found a staircase to the Ecumenical Temple.
  3757 | D:4      | Noticed Duvessa
  3757 | D:4      | Noticed Dowan
  4055 | D:4      | Reached XP level 5. HP: 31/45 MP: 7/7
  4881 | D:4      | HP: 2/67 [Duvessa/+6 short sword of venom (2)]
  4883 | D:4      | Slain by Duvessa

Illustrated notes

Levels and vault maps discovered:
D:1:      dpeg_arrival_ternary, layout_loops_ring,
          ebering_ecumenical_altar_petrified, kennysheep_nondescript,
          skrybe_limestone_x
D:2:      minmay_chambers_of_twos, layout_basic
D:3:      layout_loops_ring, serial_shops, nicolae_lakefront_shop,
          grunt_ministairs_4, uniq_terence
D:4:      layout_basic, minmay_temple_entry_poolview, uniq_duvessa

Skill      XL: |  1  2  3  4  5 |
---------------+----------------+-----
Fighting       | 2 3 |  3.5
Dodging        | 2 3 |  3.0
Slings         | 4 |  4.0
Stealth        | 1 2 |  2.0
Armour         | 2 3 |  3.0

Action                   |  1- 3 |  4- 6 || total
-------------------------+-------+-------++-------
 Fire: Hunting sling     |   150 |   144 ||   294
  Use: Scroll            |     9 |     4 ||    13
       Potion            |       |     4 ||     4
Armor: Leather armour    |    14 |    25 ||    39
       Skin              |       |    15 ||    15
Dodge: Dodged            |    33 |    56 ||    89

Table legend: (Time is in decaauts)
 A = Elapsed time spent in this place.
 B = Non-inter-level travel time spent in this place.
 C = Inter-level travel time spent in this place.
 D = Time resting spent in this place.
 E = Time spent auto-exploring this place.
 F = Levels seen in this place.
 G = Mean time per level.
                   A        B        C        D        E       F      G
               +--------+--------+--------+--------+--------+-----+--------+
         Total |   4988 |   4623 |    365 |      0 |   3980 |   4 | 1247.0 |
       Dungeon |   4988 |   4623 |    365 |      0 |   3980 |   4 | 1247.0 |
               +--------+--------+--------+--------+--------+-----+--------+

Top non-repeatable levels by time:
     D:4: 1568 daAuts
     D:3: 1346 daAuts
     D:2: 1162 daAuts
     D:1: 910 daAuts
